 Dungeon Crawl Stone Soup version 0.22-a0-136-g83a10e5898 (webtiles) character file.

8576 MrRokkomies the Grappler (level 11, 0/89 HPs)
             Began as a Ghoul Monk on Feb 2, 2018.
             Was a Priest of Wu Jian.
             Slain by a minotaur
             ... wielding an uncursed staff of death
              (1 damage)
             ... in a labyrinth.
             The game lasted 00:23:45 (8569 turns).

MrRokkomies the Grappler (Ghoul Monk)               Turns: 8569, Time: 00:23:46

Health: 0/89       AC: 15    Str: 16    XL:     11   Next: 33%
Magic:  10/10      EV: 14    Int:  8    God:    Wu Jian [***...]
Gold:   353        SH:  0    Dex: 18    Spells: 10/10 levels left

rFire    + . .     SeeInvis .     - Unarmed
rCold    + . .     Gourm    .   (no shield)
rNeg     + + +     Faith    .   t - +0 chain mail
rPois    ∞         Spirit   .   a - +2 helmet
rElec    .         Reflect  .   (no cloak)
rCorr    .         Harm     .   (no gloves)
MR       .....                  (no boots)
Stlth    ..........             (no amulet)
HPRegen  0.00/turn              k - ring of protection from fire
MPRegen  0.12/turn              p - +2 ring of dexterity

@: agile, rotting, hasted, serpent's lash, very quick
A: rotting body, claws 1, carnivore, cold resistance 1, negative energy
resistance 3, inhibited regeneration, torment resistance, unbreathing
a: Wall Jump, Serpent's Lash, Renounce Religion


You were in a labyrinth.
You worshipped Wu Jian.
Wu Jian was most pleased with you.
You were not hungry.

You visited 3 branches of the dungeon, and saw 11 of its levels.
You also visited: Labyrinth.

You collected 457 gold pieces.
You spent 104 gold pieces at shops.

Inventory:

Hand Weapons
 A - a +0 blowgun
Missiles
 j - 8 tomahawks (quivered)
 F - 15 poisoned needles
Armour
 a - a +2 helmet (worn)
 t - a +0 chain mail (worn)
Jewellery
 c - an uncursed ring of flight
 k - a ring of protection from fire (left claw)
 o - an uncursed ring of wizardry {unknown}
 p - a +2 ring of dexterity (right claw)
 r - an uncursed ring of magical power {unknown}
 v - an uncursed amulet of rage {unknown}
Wands
 q - a wand of random effects (22)
 s - a wand of polymorph (18)
 C - a wand of flame (19)
Scrolls
 g - 2 scrolls of fog
 m - a scroll of amnesia
 n - 3 scrolls of remove curse
 u - 2 scrolls of teleportation
 w - 4 scrolls of identify
 z - 3 scrolls of fear
Potions
 d - a potion of ambrosia {unknown}
 e - a potion of agility
 f - 2 potions of brilliance {unknown}
 h - 3 potions of curing
 i - a potion of haste
 l - a potion of flight
 x - a potion of heal wounds
Comestibles
 b - 29 rations


   Skills:
 - Level 6.0 Fighting
 - Level 10.0 Armour
 * Level 3.9 Dodging
 - Level 2.1 Stealth
 * Level 13.3 Unarmed Combat


You had 10 spell levels left.
You didn't know any spells.

Dungeon Overview and Level Annotations

Branches:
Dungeon (8/15)             Temple (1/1) D:5            Lair (2/6) D:8
  Snake (0/4) Lair:2
  Swamp: Lair:2-4    Shoals: Lair:2-4

Altars:
Ashenzari
Cheibriados
Dithmenos
Elyvilon
Fedhas
Gozag
Hepliaklqana
Kikubaaqudgha
Makhleb
Nemelex Xobeh
Okawaru
Qazlal
Ru
Sif Muna
Trog
Uskayaw
Vehumet
Wu Jian
Xom
Yredelemnul
Zin
The Shining One

Shops:
D:4 !   D:6 (


Innate Abilities, Weirdness & Mutations

Your body is rotting away.
You thrive on raw meat.
You are immune to poison.
You have sharp fingernails.
You are carnivorous and can eat meat at any time.
Your flesh is cold resistant. (rC+)
You are immune to negative energy. (rN+++)
You do not regenerate when monsters are visible.
You are immune to unholy pain and torment.
You can survive without breathing.


Message History

* * * LOW HITPOINT WARNING * * *
The minotaur barely misses you.
You feel a sudden draft!
You feel much better.
Evoke which item? (* to show all) (? for menu, Esc to quit)
Aiming: Polymorph
Press: ? - help, Shift-Dir - straight line, f - minotaur
Aim: a minotaur, wielding a staff of death (lightly wounded, chance to defeat MR: 15%)
The minotaur resists with almost no effort.
The minotaur hits you but does no damage.
The minotaur barely misses you.
Your muscles tense, ready for explosive movement...
You claw the minotaur!
The minotaur is moderately wounded.
A hungry ghost comes into view.
You claw the minotaur!
The minotaur is heavily wounded.
The minotaur hits you with a staff of death!!
* * * LOW HITPOINT WARNING * * *
The minotaur gores you.
You die...

.. P #.. .. ..
. # ## # .#. #
## ###.# # # #.
. .. ......# ##
.# #### #. #
#.#..........
#.#. .#### .# #
#. . ........#
#########.##..#
#.@.# ###H#
#WW# #H#.#
...... #.# #[#
..W # .# ..#


You could see a minotaur and 2 hungry ghosts.

Vanquished Creatures
  A two-headed ogre (D:8)
  The ghost of motoroller71 the Basher, a novice DsGl of Makhleb (D:8)
  Pikel (D:7)
  A black mamba (Lair:2)
  2 spiny frogs (Lair:1)
  A rime drake (Lair:2)
  A troll (D:8)
  2 hippogriffs (Lair:1)
  A shadow (Lab)
  A yak (D:8)
  3 hogs (D:8)
  A human (D:8)
  2 steam dragons
  4 hungry ghosts
  2 water moccasins
  A black bear (D:6)
  2 porcupines
  3 slaves (D:7)
  A necrophage (D:5)
  A sky beast (D:7)
  An ice beast (D:5)
  A phantom (D:6)
  2 ogres (D:8)
  10 wolves
  A centaur (D:7)
  3 crocodiles
  A big kobold (D:8)
  A bullfrog (Lair:2)
  An earth elemental (Lab)
  2 scorpions
  An electric eel (D:8)
  A howler monkey (D:7)
  4 crimson imps
  6 hounds
  2 centaur skeletons
  A gnoll shaman (D:6)
  2 jellies
  4 orc priests
  3 bullfrog skeletons
  2 iguanas
  An orc wizard (D:3)
  5 worker ants
  2 ogre skeletons (Lab)
  A hound skeleton (D:6)
  A worker ant zombie (D:7)
  Robin (D:3)
  4 gnolls
  7 adders
  2 shadow imps
  2 oozes (D:2)
  An adder zombie (D:6)
  A worm (D:3)
  A dart slug (D:3)
  3 leopard geckos
  13 orcs
  A ball python (D:3)
  3 giant cockroaches
  11 goblins
  8 hobgoblins
  15 jackals
  10 kobolds
  5 quokkas
  9 bats
  3 frilled lizards
  3 rats
194 creatures vanquished.

Notes
Turn   | Place    | Note
-------+----------+-------------------------------------------
     0 | D:1      | MrRokkomies the Ghoul Monk began the quest for the Orb.
     0 | D:1      | Reached XP level 1. HP: 19/19 MP: 0/0
   222 | D:1      | Reached XP level 2. HP: 25/25 MP: 1/1
   774 | D:2      | Reached XP level 3. HP: 16/32 MP: 2/2
   781 | D:2      | Reached skill level 4 in Unarmed Combat
  1082 | D:2      | You fall through a shaft!
  1107 | D:3      | Noticed Robin
  1111 | D:3      | Reached XP level 4. HP: 37/41 MP: 3/3
  1119 | D:3      | Killed Robin
  1647 | D:3      | Reached skill level 5 in Fighting
  1647 | D:3      | Reached skill level 5 in Unarmed Combat
  1647 | D:3      | Reached XP level 5. HP: 28/48 MP: 4/4
  2226 | D:2      | Reached XP level 6. HP: 56/56 MP: 5/5
  2551 | D:4      | Found a stormy altar of Qazlal.
  2568 | D:4      | Found Sen Qoo's Distillery.
  2577 | D:4      | Bought a potion of heal wounds for 65 gold pieces
  2577 | D:4      | Bought a potion of curing for 39 gold pieces
  2803 | D:4      | Reached skill level 6 in Unarmed Combat
  3319 | D:5      | Entered Level 5 of the Dungeon
  3324 | D:5      | Found a staircase to the Ecumenical Temple.
  3333 | Temple   | Entered the Ecumenical Temple
  3651 | D:5      | Reached skill level 1 in Armour
  3773 | D:5      | Noticed a necrophage
  3902 | D:5      | Killed a necrophage
  3902 | D:5      | Reached XP level 7. HP: 49/63 MP: 6/6
  4105 | D:5      | Reached skill level 7 in Unarmed Combat
  4511 | D:6      | Found a shadowy altar of Dithmenos.
  4518 | D:6      | Reached XP level 8. HP: 38/70 MP: 7/7
  4736 | D:6      | Reached skill level 8 in Unarmed Combat
  5016 | D:6      | Found Nato Vij's Antique Weapon Shop.
  5105 | D:7      | Reached skill level 5 in Armour
  5200 | D:7      | Reached skill level 9 in Unarmed Combat
  5354 | D:7      | Found a sacrificial altar of Ru.
  5407 | D:7      | Found a shattered altar of Ashenzari.
  5543 | D:7      | Noticed Pikel
  5552 | D:7      | Killed Pikel
  5552 | D:7      | Reached XP level 9. HP: 72/73 MP: 8/8
  5632 | D:7      | Found an ornate altar of the Wu Jian Council.
  5831 | D:7      | Reached skill level 10 in Unarmed Combat
  5978 | D:7      | Became a worshipper of the Wu Jian Council
  5978 | D:7      | Reached * piety under Wu Jian
  5978 | D:7      | Reached ** piety under Wu Jian
  6090 | D:8      | Noticed motoroller71's ghost (novice DsGl)
  6122 | D:8      | Killed motoroller71's ghost
  6138 | D:8      | Reached skill level 11 in Unarmed Combat
  6138 | D:8      | Reached XP level 10. HP: 50/83 MP: 9/9
  6461 | D:8      | Found a staircase to the Lair.
  6708 | D:8      | Noticed a two-headed ogre
  6718 | D:8      | Killed a two-headed ogre
  6775 | D:8      | Reached skill level 12 in Unarmed Combat
  6825 | D:8      | Found a glowing silver altar of Zin.
  6825 | D:8      | Found a burning altar of Makhleb.
  6825 | D:8      | Found a basalt altar of Yredelemnul.
  6900 | D:8      | Found a glowing golden altar of the Shining One.
  7252 | Lair:1   | Entered Level 1 of the Lair of Beasts
  7393 | Lair:1   | Noticed a spiny frog
  7399 | Lair:1   | Killed a spiny frog
  7584 | Lair:1   | Reached XP level 11. HP: 19/89 MP: 10/10
  7937 | Lair:2   | Reached skill level 10 in Armour
  7942 | Lair:2   | Reached skill level 13 in Unarmed Combat
  8083 | Lair:2   | Found a labyrinth entrance.
  8097 | Lair:2   | Found a staircase to the Snake Pit.
  8104 | Lab      | Entered a labyrinth
  8408 | Lab      | Reached *** piety under Wu Jian
  8552 | Lab      | Noticed a minotaur
  8569 | Lab      | HP: 1/89 [minotaur/staff of death (22)]
  8569 | Lab      | Slain by a minotaur

Vault maps used:
D:1:      lightli_arrival_quake, hangedman_decor_points
D:3:      uniq_robin
D:4:      grunt_qazlal_sundering, serial_shops, shop
D:5:      minmay_temple_entry_junction_2, first_ration, st_stairs_12
D:6:      nicolae_dithmenos_shadow_blocks, serial_shops, shop
D:7:      nicolae_ru_path_of_blood, nicolae_overflow_hidden_temple,
          evilmike_ruin_ashenzari, uniq_pikel
D:8:      lemuel_round_altar, gammafunk_temple_overflow_forgotten,
          erik_lair_island, grunt_livestock
Temple:   minmay_temple_curvy_branch
Lair:1:   infiniplex_staircase_pool_2, lemuel_fruit_tree
Lair:2:   guppyfry_snake_entry_island, lab_entry_generic
Lab:      lab_block, nicolae_lab_garden, nicolae_lab_starburst,
          nicolae_lab_grate, lab_hedge, nicolae_lab_hexagon,
          nicolae_lab_do_over, nicolae_lab_flowing_pool,
          labyrinth_skeletal_remains, nicolae_lab_statue

Skill      XL: |  1  2  3  4  5  6  7  8  9 10 11 |
---------------+----------------------------------+-----
Fighting       | 4 5 6 |  6.0
Unarmed Combat | 4 5 6 7 9 11 12 13 | 13.3
Armour         | 1 3 6 7 9 10 | 10.0
Dodging        | 3 |  3.9
Stealth        | |  2.1

Action                   |  1- 3 |  4- 6 |  7- 9 | 10-12 || total
-------------------------+-------+-------+-------+-------++-------
Melee: Unarmed           |    95 |   276 |   329 |   272 ||   972
       Punch             |     1 |     7 |     8 |     8 ||    24
 Fire: Blowgun           |       |       |       |    16 ||    16
Throw: Tomahawk          |       |       |       |     3 ||     3
Invok: Lunge             |       |       |     3 |     9 ||    12
       Whirlwind         |       |       |     2 |     6 ||     8
       Wall Jump         |       |       |       |     1 ||     1
       Serpent's Lash    |       |       |       |     1 ||     1
Evoke: Wand              |       |     3 |     1 |     5 ||     9
  Use: Scroll            |     3 |     7 |     3 |     5 ||    18
       Potion            |       |     3 |     1 |     3 ||     7
 Stab: Sleeping          |     2 |     1 |       |       ||     3
  Eat: Chunk             |    13 |    23 |    10 |    36 ||    82
       Ration            |       |     1 |       |     1 ||     2
Armor: Robe              |    22 |       |       |       ||    22
       Ring mail         |     2 |    48 |       |       ||    50
       Scale mail        |       |    52 |    17 |       ||    69
       Chain mail        |       |       |   141 |   109 ||   250
Dodge: Dodged            |    94 |   113 |   104 |    92 ||   403

Table legend:
 A = Spawn XP
 B = Non-spawn XP
 C = Spawn XP percentage of total XP
 D = Spawn monster count
 E = Non-spawn monster count
 F = Spawn count percentage of total count
 G = Total turns spent on level
                    A         B        C        D         E        F      G
               +---------+---------+-------+---------+---------+-------+---------
         Total |       0 |   12252 |   0.0 |       0 |     191 |   0.0 |  8569
               +---------+---------+-------+---------+---------+-------+---------
           D:1 |       0 |      15 |   0.0 |       0 |       9 |   0.0 |   735
           D:2 |       0 |      87 |   0.0 |       0 |      23 |   0.0 |   689
           D:3 |       0 |     243 |   0.0 |       0 |      43 |   0.0 |  1114
           D:4 |       0 |     172 |   0.0 |       0 |       9 |   0.0 |   883
           D:5 |       0 |     455 |   0.0 |       0 |      11 |   0.0 |   725
           D:6 |       0 |     732 |   0.0 |       0 |      17 |   0.0 |   686
           D:7 |       0 |    1581 |   0.0 |       0 |      21 |   0.0 |   913
           D:8 |       0 |    4448 |   0.0 |       0 |      32 |   0.0 |  1279
        Lair:1 |       0 |    2244 |   0.0 |       0 |      12 |   0.0 |   668
        Lair:2 |       0 |    1327 |   0.0 |       0 |       6 |   0.0 |   184
           Lab |       0 |     948 |   0.0 |       0 |       8 |   0.0 |   465
               +---------+---------+-------+---------+---------+-------+---------
